Map: Nightscape LE

Players

Massa - Winner!

  • Race: Terran Terran
  • League: Platinum
  • Spawn Location: 1:00

qqq - Winner!

  • Race: Zerg Zerg
  • Spawn Location: 1:00

Erminatrash

  • Race: Protoss Protoss
  • League: Platinum
  • Spawn Location: 7:00

Kylar

  • Race: Terran Terran
  • Spawn Location: 7:00

VOD

Have the link to the VOD?

Description

Time

  • Played on: Oct. 25, 2020, 11:32 a.m.
  • Length: 11:09
Show
View Real Time Build Order
Export as new Build Order

Massa Terran - Winner!

Build Orders: Reaper Expand 

Get SALT Encoding   

  12  0:00  SCV  
  13  0:12  SCV  
  14  0:22  Supply Depot  
  14  0:24  SCV  
  15  0:44  SCV  
  15  0:45  Barracks  
  15  0:48  Refinery  
  16  0:56  SCV  
  17  1:08  SCV  
  18  1:20  SCV  
  19  1:32  Reaper  
  20  1:33  Orbital Command  
  20  1:42  Command Center  
  21  2:01  SCV  
  21  2:03  Marine  
  22  2:15  Supply Depot  
  22  2:16  Factory  
  22  2:17  SCV  
  23  2:37  SCV  
  24  2:49  SCV  
  25  3:01  Barracks Reactor, SCV, Factory Tech Lab  
  25  3:05  Refinery  
  26  3:12  Refinery, Orbital Command  
  26  3:13  Refinery, SCV  
  27  3:21  Siege Tank  
  27  3:25  SCV  
  31  3:38  SCV  
  31  3:39  Marine x2  
  31  3:51  SCV x2  
  33  3:57  Marine  
  33  3:59  Marine  
  33  4:02  Siege Tank  
  38  4:03  SCV x2  
  40  4:12  Engineering Bay  
  40  4:14  Marine  
  40  4:16  Starport  
  41  4:19  Marine  
  41  4:24  Barracks  
  42  4:28  SCV x2  
  44  4:32  Marine  
  45  4:40  SCV  
  46  4:46  Supply Depot x2  
  46  4:49  Supply Depot  
  46  4:52  Missile Turret, Supply Depot  
  46  4:53  Missile Turret  
  46  5:03  Missile Turret  
  46  5:04  Missile Turret  
  46  5:08  SCV x2, Medivac  
  46  5:09  Marine x2  
  46  5:12  Barracks Tech Lab  
  52  5:15  Widow Mine  
  52  5:20  SCV x2  
  56  5:21  Terran Infantry Weapons Level 1  
  56  5:26  Marine  
  57  5:31  Stimpack  
  57  5:32  SCV x2, Marauder  
  61  5:41  Liberator  
  64  5:44  SCV x2  
  64  5:46  Marine  
  64  5:47  Marine  
  68  6:04  Marine x2  
  68  6:07  Marauder  
  68  6:10  Siege Tank  
  75  6:16  SCV  
  75  6:17  SCV  
  77  6:22  Marine  
  78  6:31  Command Center  
  78  6:45  Marine  
  78  6:47  Marine  
  78  6:49  SCV  
  78  6:50  SCV, Marauder  
  77  7:01  SCV  
  78  7:16  Combat Shield  
  78  7:34  Supply Depot x2  
  78  7:35  Supply Depot x2  
  78  7:36  Supply Depot  
  78  7:40  Supply Depot  
  78  7:42  Marine x2  
  78  7:43  SCV x2, Barracks, Marauder, Siege Tank  
  87  7:44  Barracks  
  87  7:55  SCV x2  
  89  7:58  Supply Depot  
  89  8:00  Marine x2  
  89  8:04  Marauder  
  93  8:07  SCV, Supply Depot  
  94  8:15  Siege Tank  
  94  8:18  Marine  
  98  8:26  Marauder  
  100  8:32  Marine  
  100  8:33  SCV  
  100  8:34  SCV  
  104  8:35  Orbital Command  
  104  8:36  Marine  
  104  8:44  Concussive Shells  
  104  8:45  SCV  
  104  8:46  Barracks Reactor, SCV, Barracks Tech Lab  
  104  8:47  Marauder  
  105  8:50  Marine  
  105  8:53  Medivac  
  108  8:58  SCV x2  
  110  9:06  Refinery  
  110  9:08  Refinery, Marauder  
  112  9:12  SCV  
  112  9:13  SCV x2  
  115  9:22  Medivac  
  117  9:24  SCV  
  117  9:25  SCV x2  
  117  9:30  Marauder  
  121  9:37  SCV x2  
  97  9:56  Command Center  
  97  9:57  Marauder  
  97  9:58  Marauder, Marine x4  
  105  10:01  Siege Tank  
  105  10:02  Medivac  
  110  10:16  Marine x4  
  110  10:17  Missile Turret x4  
  110  10:18  Sensor Tower, Missile Turret  
  110  10:19  Marauder x2, Missile Turret  
  118  10:32  Medivac  
  118  10:33  Marine, Siege Tank  
  118  10:34  Marine x3  
  127  10:39  Missile Turret  
  127  10:40  Marauder  
  127  10:41  Marauder, Missile Turret  
  131  10:51  Marine  
  135  11:00  Missile Turret  
Show
View Real Time Build Order
Export as new Build Order

qqq Zerg - Winner!

Build Orders: Hatch First 

Get SALT Encoding   

  12  0:03  Drone  
  13  0:08  Drone  
  14  0:38  Hatchery  
  13  0:43  Drone  
  14  0:57  Spawning Pool  
  13  1:02  Overlord  
  13  1:08  Drone  
  14  1:12  Extractor  
  14  1:18  Drone  
  14  1:32  Drone x2  
  16  1:47  Drone x2  
  18  1:51  Queen  
  20  1:57  Queen  
  22  2:05  Drone  
  23  2:09  Drone  
  23  2:11  Drone  
  25  2:18  Overlord  
  25  2:20  Drone  
  26  2:37  Drone  
  26  2:38  Overlord  
  26  2:39  Drone  
  26  2:40  Drone  
  29  2:45  Lair  
  29  2:48  Drone  
  30  2:53  Drone  
  30  2:54  Drone  
  30  2:56  Extractor  
  30  2:58  Drone  
  32  3:07  Drone  
  32  3:09  Drone x3  
  36  3:15  Overlord  
  36  3:17  Zergling x2  
  36  3:19  Drone  
  38  3:22  Drone  
  38  3:24  Drone  
  39  3:36  Zergling x2  
  40  3:46  Drone x4  
  44  3:51  Spire  
  43  3:57  Drone x2  
  43  4:01  Overlord  
  43  4:02  Zergling x4  
  47  4:03  Metabolic Boost  
  47  4:16  Drone  
  48  4:18  Extractor, Hatchery  
  48  4:19  Drone  
  48  4:20  Drone  
  48  4:25  Drone  
  48  4:27  Drone x2  
  51  4:32  Extractor  
  51  4:38  Drone x3  
  52  4:46  Overlord x3  
  52  5:01  Evolution Chamber  
  52  5:02  Drone x2, Infestation Pit  
  52  5:03  Mutalisk x3  
  52  5:06  Mutalisk  
  60  5:14  Overlord  
  60  5:15  Mutalisk  
  62  5:24  Drone  
  62  5:27  Mutalisk  
  65  5:30  Overlord  
  65  5:38  Drone  
  65  5:40  Mutalisk  
  68  5:47  Drone  
  69  5:52  Hive  
  69  5:56  Hatchery  
  64  6:04  Zerg Missile Weapons Level 1  
  64  6:33  Mutalisk x4  
  64  6:35  Drone  
  64  6:36  Drone x2  
  73  7:16  Mutalisk x4  
  73  7:17  Drone  
  73  7:18  Drone x3  
  85  7:50  Drone  
  85  7:51  Drone x5  
  90  7:55  Greater Spire  
  91  8:00  Ultralisk Cavern, Zerg Ground Armor Level 1  
  91  8:05  Drone x2, Overlord x2  
  92  8:06  Overlord x6  
  92  8:18  Mutalisk x2  
  92  8:19  Drone  
  98  8:20  Drone  
  98  8:28  Hatchery  
  97  8:35  Hatchery  
  96  8:45  Hatchery  
  96  8:47  Hatchery  
  94  9:02  Ultralisk  
  100  9:03  Corruptor x3  
  106  9:25  Ultralisk  
  108  9:40  Drone x4  
  108  9:41  Drone x2  
  108  9:43  Zergling x6, Ultralisk  
  108  9:44  Zergling x4  
  124  10:00  Drone x2  
  124  10:02  Extractor  
  124  10:03  Extractor  
  124  10:04  Extractor  
  124  10:06  Extractor  
  121  10:13  Drone x8  
  121  10:14  Drone x5  
  133  10:17  Anabolic Synthesis  
Show
View Real Time Build Order
Export as new Build Order

Erminatrash Protoss 

Build Orders: 1 Gate Expand, Colossus Rush 

Get SALT Encoding   

  12  0:00  Probe  
  13  0:12  Probe  
  14  0:21  Pylon  
  14  0:24  Probe  
  15  0:39  Probe  
  16  0:51  Probe  
  16  0:54  Gateway  
  17  1:11  Nexus  
  17  1:24  Assimilator x2  
  17  1:26  Probe  
  18  1:38  Probe  
  19  1:48  Cybernetics Core  
  19  1:50  Probe  
  19  1:51  Gateway  
  20  2:02  Probe  
  21  2:14  Probe  
  22  2:22  Warp Gate (Chrono Boost)  
  22  2:28  Probe (Chrono Boost)  
  25  2:37  Adept  
  25  2:38  Probe x2 (Chrono Boost)  
  25  2:43  Probe (Chrono Boost)  
  27  2:44  Stalker  
  27  2:45  Probe  
  31  2:53  Probe  
  31  2:54  Robotics Facility  
  31  2:57  Probe  
  31  2:58  Pylon  
  33  3:01  Probe  
  34  3:09  Probe  
  34  3:10  Probe  
  36  3:21  Probe  
  36  3:22  Probe  
  38  3:28  Twilight Council  
  38  3:45  Probe x2  
  40  3:48  Assimilator  
  40  3:52  Assimilator  
  40  3:55  Immortal  
  44  3:57  Probe  
  44  3:58  Probe  
  46  4:07  Forge  
  46  4:09  Gateway  
  46  4:13  Robotics Facility  
  46  4:17  Robotics Bay  
  46  4:18  Pylon  
  46  4:19  Pylon  
  46  4:36  Immortal  
  46  4:37  Probe (Chrono Boost)  
  46  4:38  Probe (Chrono Boost)  
  52  4:44  Protoss Ground Weapons Level 1 (Chrono Boost)  
  52  4:48  Probe x2 (Chrono Boost)  
  54  4:54  Probe (Chrono Boost)  
  54  4:55  Probe (Chrono Boost)  
  56  5:03  Zealot x2  
  56  5:05  Zealot  
  56  5:06  Charge (Chrono Boost)  
  62  5:17  Pylon  
  62  5:19  Pylon  
  62  5:20  Pylon  
  62  5:22  Pylon  
  62  5:23  Pylon  
  62  5:25  Colossus  
  62  5:30  Gateway  
  62  5:32  Gateway  
  68  5:42  Pylon  
  68  5:44  Pylon  
  68  5:47  Colossus  
  74  6:07  Zealot x2  
  74  6:09  Nexus  
  71  6:30  Stalker  
  71  6:31  Stalker  
  74  6:39  Probe  
  75  6:55  Stalker x2  
  75  7:00  Probe  
  74  7:12  Protoss Ground Weapons Level 2  
  69  7:27  Stalker  
  69  7:28  Stalker x2  
  65  7:52  Probe  
  66  7:59  Photon Cannon x2  
  66  8:03  Photon Cannon  
  66  8:04  Probe x2  
  68  8:09  Probe  
  69  8:16  Probe, Pylon  
  70  8:21  Probe  
  70  8:24  Stalker  
  70  8:25  Stalker  
  75  8:33  Probe  
  75  8:45  Stalker x2  
  75  8:46  Stalker  
  81  8:58  Zealot x2  
  81  9:02  Probe  
  86  9:06  Probe  
  87  9:14  Probe  
  84  9:18  Probe  
  77  9:26  Probe  
  63  9:38  Probe  
  40  9:51  Probe  
  25  10:02  Probe (Chrono Boost)  
  25  10:04  Probe x2 (Chrono Boost)  
  28  10:12  Probe (Chrono Boost), Stalker x3  
  28  10:13  Probe (Chrono Boost)  
  37  10:15  Probe (Chrono Boost)  
  37  10:19  Probe (Chrono Boost), Pylon  
  37  10:21  Probe (Chrono Boost)  
  39  10:24  Probe (Chrono Boost)  
  41  10:32  Probe x2 (Chrono Boost)  
  40  10:40  Probe  
  40  10:41  Probe  
Show
View Real Time Build Order
Export as new Build Order

Kylar Terran 

Build Orders:  

Get SALT Encoding   

  12  0:00  SCV  
  13  0:12  SCV  
  14  0:17  Supply Depot  
  14  0:24  SCV  
  15  0:30  Refinery  
  15  0:39  SCV  
  16  0:45  Barracks  
  16  0:51  SCV  
  17  1:03  SCV  
  17  1:04  Refinery  
  18  1:18  SCV  
  19  1:35  Orbital Command  
  19  1:52  Factory  
  19  1:55  Reaper  
  19  1:56  Supply Depot  
  20  2:01  SCV  
  21  2:14  SCV  
  22  2:25  Command Center  
  22  2:26  SCV  
  23  2:37  Barracks Reactor  
  23  2:38  SCV  
  24  2:46  Factory Tech Lab  
  25  2:51  SCV  
  25  2:55  Barracks  
  25  2:58  Barracks  
  25  3:00  Engineering Bay  
  25  3:03  SCV  
  26  3:06  Siege Tank  
  29  3:15  SCV  
  29  3:18  Marine  
  31  3:35  Marine  
  30  3:43  SCV  
  30  3:46  Engineering Bay  
  31  3:53  Siege Tank  
  33  3:55  SCV  
  33  3:58  Barracks Reactor x2  
  33  3:59  Supply Depot x2  
  34  4:14  Starport  
  34  4:21  SCV  
  34  4:22  Supply Depot  
  35  4:38  SCV  
  35  4:40  Orbital Command, Marine x2  
  35  4:41  Marine x3  
  35  4:42  Marine  
  42  4:50  SCV  
  43  4:58  Marine  
  44  5:01  Marine x3  
  44  5:02  SCV  
  48  5:10  Starport Reactor  
  48  5:13  Marine x2  
  50  5:16  Marine  
  50  5:18  Terran Infantry Weapons Level 1  
  50  5:19  Marine  
  50  5:20  Terran Infantry Armor Level 1  
  52  5:22  Marine  
  52  5:24  Marine  
  52  5:26  SCV  
  52  5:27  SCV  
  56  5:33  Marine  
  57  5:38  SCV  
  57  5:39  SCV  
  59  5:50  SCV, Marine x3  
  59  5:51  SCV, Marine x2  
  59  5:52  Barracks  
  59  5:55  Barracks  
  66  6:03  SCV x2  
  68  6:08  Medivac  
  70  6:38  Refinery  
  70  6:42  Marine, Medivac  
  70  6:45  SCV, Marine  
  70  7:08  SCV  
  70  7:09  Marine x6  
  70  7:10  SCV, Medivac  
  70  7:13  Armory  
  76  7:19  Marine x2  
  76  7:20  SCV  
  76  7:22  SCV  
  77  7:27  Marine  
  78  7:32  Missile Turret  
  78  7:43  SCV, Marine  
  78  7:44  Marine  
  78  7:52  Missile Turret  
  78  7:54  Marine x4, Viking  
  78  7:55  Viking  
  78  7:56  Supply Depot  
  78  7:57  Supply Depot  
  88  7:58  Supply Depot  
  88  7:59  Supply Depot  
  88  8:02  Refinery  
  88  8:06  Marine  
  88  8:12  Marine x2  
  89  8:13  Barracks Tech Lab x2  
  85  8:24  Viking x2  
  59  8:54  Marine x5  
  61  8:58  SCV x2  
  59  9:10  SCV x2  
  59  9:15  Factory, Marine x5  
  59  9:16  Marine x3  
  69  9:22  SCV x2, Starport Reactor  
  71  9:34  SCV  
  71  9:47  Missile Turret  
  71  9:52  Marine x3  
  72  9:59  SCV x2  
  75  10:07  Missile Turret  
  75  10:09  Factory Reactor  
  75  10:13  SCV x2  
  77  10:28  Command Center  
  77  10:31  SCV x2  
  77  10:32  Siege Tank  
Tags
 
Add a new tag
Caveats
  • Supply blocks, unpowered buildings, or Contaminate may cause inaccurate times.
  • Supply counts are checked every 10 seconds.